 Dungeon Crawl Stone Soup version 0.21-a0-633-g4c047d5f35 (console) character file.

29743 Harunobu the Nimble (level 13, -11/133 HPs)
             Began as a Troll Monk on Dec 27, 2017.
             Mangled by a very large slime creature (63 damage)
             ... on level 6 of the Lair of Beasts on Dec 28, 2017.
             The game lasted 00:35:56 (16115 turns).

Harunobu the Nimble (Troll Monk)                   Turns: 16115, Time: 00:35:56

Health: -11/133    AC: 12    Str: 24    XL:     13   Next: 16%
Magic:  12/12      EV: 16    Int: 12    God:
Gold:   955        SH:  0    Dex: 14    Spells: 12/12 levels left

rFire    . . .     SeeInvis +   x - +10 rapier {drain, rC+ Int+2}
rCold    + . .     Gourm    +   (no shield)
rNeg     + . .     Faith    .   J - +2 robe {rN+}
rPois    .         Spirit   .   R - +2 hat {MR+}
rElec    .         Reflect  .   (no cloak)
rCorr    .         Harm     .   (gloves unavailable)
MR       +....     Rnd*Rage +   (boots unavailable) Stlth +++.......Rnd*Tele +
                                z - amulet of magic regeneration
HPRegen  0.72/turn              h - +3 ring of protection
MPRegen  0.38/turn              A - ring "Yvirulit" {Int+4 Slay+3 SInv}

@: no status effects
A: large, unfitting armour, claws 3, berserk 1, fast metabolism 3, gourmand,
regeneration 1, shaggy fur 1, teleportitis 1, tough skin 2
a: no special abilities


You were on level 6 of the Lair of Beasts.
You were very full.

You visited 4 branches of the dungeon, and saw 17 of its levels.
You also visited: Ice Cave.

You collected 955 gold pieces.

Inventory:

Hand Weapons
 x - the +10 rapier of Naklonuu (weapon) {drain, rC+ Int+2}
   (You found it on level 4 of the Dungeon)

   A truly terrible weapon, it drains the life of those it strikes.
   It affects your intelligence (+2).
   It protects you from cold.
 Z - a +2 lajatang of protection
Armour
 v - a +1 robe of positive energy
 J - a +2 robe of positive energy (worn)
 R - a +2 hat of magic resistance (worn)
Jewellery
 d - an uncursed ring of resist corrosion
 f - an uncursed ring of teleportation
 h - a +3 ring of protection (left claw)
 i - an uncursed ring of flight
 q - an uncursed ring of positive energy
 z - an amulet of magic regeneration (around neck)
 A - the ring "Yvirulit" (right claw) {Int+4 Slay+3 SInv}
   (You found it on level 6 of the Dungeon)

   [ring of see invisible]

   It affects your intelligence (+4).
   It affects your accuracy and damage with ranged weapons and melee attacks
   (+3).
   It lets you see invisible.
 K - a +6 ring of intelligence
 T - an uncursed amulet of guardian spirit
Wands
 r - a wand of polymorph (22)
 w - a wand of flame (41)
 O - a wand of iceblast (32)
 P - a wand of paralysis (38)
 S - a wand of random effects (40)
 V - a wand of enslavement (15)
Scrolls
 j - 2 scrolls of enchant weapon
 k - 3 scrolls of fear
 l - a scroll of enchant armour
 m - 3 scrolls of teleportation
 o - 7 scrolls of remove curse
 s - 5 scrolls of magic mapping
 y - a scroll of blinking
Potions
 c - 3 potions of cancellation
 g - a potion of resistance {unknown}
 n - 2 potions of heal wounds {unknown}
 p - 7 potions of haste
 t - 2 potions of invisibility
 u - 2 potions of magic
 B - 3 potions of curing {unknown}
 D - 2 potions of mutation {unknown}
 G - 3 potions of might {unknown}
 H - 2 potions of degeneration {unknown}
 I - a potion of lignification {unknown}
 L - 2 potions of flight {unknown}
 N - 2 potions of brilliance {unknown}
Books
 C - a book of Callings

   Spells                             Type                      Level
   a - Summon Small Mammal            Summoning                    1
   b - Call Imp                       Summoning                    2
   c - Call Canine Familiar           Summoning                    3
   d - Summon Guardian Golem          Hexes/Summoning              3
   e - Summon Lightning Spire         Summoning/Air                4
   f - Summon Ice Beast               Ice/Summoning                4
 Q - a book of Frost

   Spells                             Type                      Level
   a - Freeze                         Ice                          1
   b - Throw Frost                    Conjuration/Ice              2
   c - Ozocubu's Armour               Charms/Ice                   3
   d - Throw Icicle                   Conjuration/Ice              4
   e - Summon Ice Beast               Ice/Summoning                4
 U - a book of Maledictions

   Spells                             Type                      Level
   a - Corona                         Hexes                        1
   b - Ensorcelled Hibernation        Hexes/Ice                    2
   c - Confuse                        Hexes                        3
   d - Tukima's Dance                 Hexes                        3
   e - Dazzling Spray                 Conjuration/Hexes            3
 W - a book of Flames

   Spells                             Type                      Level
   a - Flame Tongue                   Conjuration/Fire             1
   b - Throw Flame                    Conjuration/Fire             2
   c - Conjure Flame                  Conjuration/Fire             3
   d - Inner Flame                    Hexes/Fire                   3
   e - Sticky Flame                   Conjuration/Fire             4
   f - Fireball                       Conjuration/Fire             5
Comestibles
 b - 41 rations
 M - a chunk of flesh


   Skills:
 + Level 10.1 Fighting
 - Level 9.3 Short Blades
 + Level 10.6 Dodging
 + Level 5.1 Stealth
 + Level 7.7 Unarmed Combat
 + Level 0.3 Evocations


You had 12 spell levels left.
You didn't know any spells.

Dungeon Overview and Level Annotations

Branches:
Dungeon (9/15)             Temple (1/1) D:6            Lair (6/6) D:9
  Swamp (0/4) Lair:2        Snake (0/4) Lair:2        Slime (1/5) Lair:6
    Orc: D:9-12

Altars:
Ashenzari
Cheibriados
Dithmenos
Elyvilon
Fedhas
Gozag
Hepliaklqana
Kikubaaqudgha
Makhleb
Nemelex Xobeh
Okawaru
Qazlal
Ru
Sif Muna
Trog
Uskayaw
Vehumet
Xom
Yredelemnul
Zin
The Shining One

Shops:
D:6 (

Annotations:
Lair:6 exclusion: oklob plant


Innate Abilities, Weirdness & Mutations

You are too large for most types of armour.
You have claws for hands.
Your metabolism is lightning-fast.
You like to eat raw meat.
Your natural rate of healing is unusually fast.
You are covered in fur. (AC +1)
You have very tough skin. (AC +2)
You tend to lose your temper in combat.
You are occasionally teleported next to monsters.


Message History

* * * LOW HITPOINT WARNING * * *
The slime creature hits you but does no damage.
Found 21 gold pieces and a ration.
Marking area around the oklob plant as unsafe for travelling.
An oklob plant comes into view.
The slime creature misses you.
Two slime creatures merge to form a large slime creature.
Two slime creatures merge to form a very large slime creature.
A crocodile comes into view.
The eye of draining gazes at you.
You feel your power leaking away.
Found a scroll of fog.
Found 13 bolts.
The eye of draining gazes at you.
You feel your power leaking away.
The very large slime creature completely misses you.
Found a scroll of fear.
There is a stone staircase leading up here.
The very large slime creature hits you!!!
You die...

............t...........
........................
........................
#..[...##....##.#......
####..t##P...#####.....
#.....####.P# ##.... ....##...#
P...# #.....
....P#...J####....#.#.....
.....#...@.# ......#.#....
#....#P....# ....#..... ...
#..P#......## .P##.....
...P###........#.# ..###.....
..PP#...##.......# P. #......
...............#.#. ....#......
...............................
...............................
...............................


You could see a very large slime creature and a crocodile.

Vanquished Creatures
  Gastronok (D:9)
  A hydra (Lair:1)
  Erolcha (D:9)
  The ghost of Harunobu the Grappler, a novice TrMo (D:8)
  2 two-headed ogres (D:8)
  3 death yaks (Lair:6)
  A necromancer (IceCv)
  Pikel (D:7)
  A shining eye (Lair:6)
  2 ice statues (IceCv)
  3 black mambas
  A guardian serpent (Lair:2)
  Joseph (D:8)
  6 spiny frogs
  2 rime drakes
  9 ice devils (IceCv)
  9 komodo dragons
  Grinder (D:3)
  A polar bear (Lair:3)
  4 dream sheep (Lair:5)
  2 slime creatures
  2 hippogriffs
  12 blink frogs
  A vampire (D:7)
  Grum (D:8)
  A spriggan (D:7)
  A basilisk (Lair:4)
  A wyvern (Lair:6)
  8 water moccasins
  7 porcupines
  A phantom (D:5)
  An ice beast (D:5)
  2 ogres
  2 sky beasts
  2 slaves (D:7)
  2 centaurs
  14 wolves
  6 crocodiles
  2 big kobolds
  6 bullfrogs
  A water moccasin zombie (D:7)
  A scorpion (D:4)
  53 killer bees
  3 electric eels (Lair:5)
  A centaur zombie (D:7)
  2 bullfrog zombies (D:5)
  4 crimson imps
  A draconian simulacrum (IceCv)
  4 orc priests
  3 hounds
  4 bullfrog skeletons
  An iguana (D:7)
  6 orc wizards
  12 worker ants
  4 troll simulacra (IceCv)
  A hound skeleton (D:9)
  Robin (D:3)
  A worker ant zombie (D:7)
  2 naga simulacra (IceCv)
  3 ogre simulacra (IceCv)
  12 adders
  2 shadow imps
  3 white imps (Lair:4)
  2 adder skeletons
  A worm (D:3)
  A dart slug (D:1)
  4 leopard geckos
  27 orcs
  13 bats
  2 bat zombies (D:3)
  4 giant cockroaches
  15 goblins
  7 hobgoblins
  8 jackals
  31 kobolds
  A quokka (D:4)
  5 frilled lizards
  A quokka skeleton (D:8)
  12 rats
  2 rat zombies (D:3)
  A butterfly (Lair:4)
387 creatures vanquished.

Vanquished Creatures (others)
  4 fungi
  A plant (Lair:4)
5 creatures vanquished.

Grand Total: 392 creatures vanquished

Notes
Turn   | Place    | Note
-------+----------+-------------------------------------------
     0 | D:1      | Harunobu the Troll Monk began the quest for the Orb.
     0 | D:1      | Reached XP level 1. HP: 22/22 MP: 0/0
   315 | D:1      | Reached XP level 2. HP: 28/29 MP: 1/1
   897 | D:2      | Reached XP level 3. HP: 36/36 MP: 2/2
  1869 | D:3      | Found an ancient bone altar of Kikubaaqudgha.
  1941 | D:3      | Reached XP level 4. HP: 44/44 MP: 3/3
  1960 | D:3      | Noticed Grinder
  1973 | D:3      | Killed Grinder
  1973 | D:3      | Reached skill level 5 in Unarmed Combat
  1973 | D:3      | Reached XP level 5. HP: 50/50 MP: 4/4
  1973 | D:3      | Reached XP level 6. HP: 59/59 MP: 5/5
  2106 | D:3      | Noticed Robin
  2132 | D:3      | Killed Robin
  2544 | D:3      | Found a sparkling altar of Nemelex Xobeh.
  2544 | D:3      | Found a radiant altar of Vehumet.
  2545 | D:3      | Found a stormy altar of Qazlal.
  2983 | D:4      | Reached XP level 7. HP: 59/66 MP: 6/6
  3319 | D:4      | Got a translucent rapier
  3320 | D:4      | Identified the +10 rapier of Naklonuu {drain, rC+ Int+2} (You found it on level 4 of the Dungeon)
  3656 | D:4      | Found an opulent altar of Gozag.
  3766 | D:5      | Entered Level 5 of the Dungeon
  3942 | D:5      | Reached skill level 1 in Short Blades
  4186 | D:5      | Reached XP level 8. HP: 73/75 MP: 7/7
  4492 | D:6      | Found Hoop Voa's Antique Weapon Shop.
  4609 | D:6      | Got a flickering bone ring
  4637 | D:6      | Identified the ring "Yvirulit" {Int+4 Slay+3 SInv} (You found it on level 6 of the Dungeon)
  4699 | D:6      | Found a bloodstained altar of Trog.
  4952 | D:6      | Found a staircase to the Ecumenical Temple.
  4957 | Temple   | Entered the Ecumenical Temple
  5403 | D:7      | Reached skill level 5 in Short Blades
  5414 | D:7      | Reached XP level 9. HP: 82/84 MP: 8/8
  5510 | D:7      | Noticed Pikel
  5528 | D:7      | Killed Pikel
  6393 | D:8      | Noticed Joseph
  6401 | D:8      | Killed Joseph
  6401 | D:8      | Reached skill level 5 in Dodging
  7066 | D:8      | Noticed Harunobu's ghost (novice TrMo)
  7087 | D:8      | HP: 4/85 [Harunobu's ghost (28)]
  7276 | D:8      | Killed Harunobu's ghost
  7276 | D:8      | Reached XP level 10. HP: 61/94 MP: 9/9
  7505 | D:8      | Found a shadowy altar of Dithmenos.
  7698 | D:8      | Noticed a two-headed ogre
  7709 | D:8      | Killed a two-headed ogre
  7709 | D:8      | Reached skill level 5 in Fighting
  7711 | D:8      | Noticed Grum
  7954 | D:8      | Killed Grum
  7994 | D:8      | Noticed a two-headed ogre
  8005 | D:8      | Killed a two-headed ogre
  8424 | D:9      | Noticed Erolcha
  8432 | D:9      | Killed Erolcha
  8520 | D:9      | Noticed Gastronok
  8527 | D:9      | Killed Gastronok
  8527 | D:9      | Reached XP level 11. HP: 87/105 MP: 10/10
  8566 | D:9      | Found a staircase to the Lair.
  8595 | Lair:1   | Entered Level 1 of the Lair of Beasts
  9161 | Lair:1   | Noticed an eight-headed hydra
  9260 | Lair:2   | Found a staircase to the Snake Pit.
  9672 | Lair:2   | Found a staircase to the Swamp.
 10383 | Lair:1   | Killed an eight-headed hydra
 11055 | Lair:3   | Reached XP level 12. HP: 93/120 MP: 7/11
 11122 | Lair:3   | Found a frozen archway.
 11163 | IceCv    | Entered an ice cave
 13623 | Lair:4   | HP: 6/124 [poisoned by a spiny frog]
 13628 | Lair:4   | HP: 4/124 [poisoned by a spiny frog]
 13634 | Lair:4   | HP: 4/124 [poisoned by a spiny frog]
 13639 | Lair:4   | HP: 4/124 [poisoned by a spiny frog]
 13644 | Lair:4   | HP: 6/124 [poisoned by a spiny frog]
 13966 | Lair:4   | Reached skill level 10 in Dodging
 14814 | Lair:5   | Got a heavily jewelled robe
 14927 | Lair:5   | Reached skill level 5 in Stealth
 14989 | Lair:5   | Got a dull robe
 15677 | Lair:5   | Reached XP level 13. HP: 119/133 MP: 12/12
 15721 | Lair:5   | Identified the +2 robe "Nafeavie" {rC+} (You found it on level 5 of the Lair of Beasts)
 15723 | Lair:6   | Entered Level 6 of the Lair of Beasts
 15771 | Lair:6   | Reached skill level 10 in Fighting
 15977 | Lair:6   | Identified the cursed +1 robe of Insecurity {Slay+3} (You found it on level 5 of the Lair of Beasts)
 16014 | Lair:6   | Found a staircase to the Slime Pits.
 16029 | Slime:1  | Entered Level 1 of the Pits of Slime
 16038 | Slime:1  | Gained mutation: You are occasionally teleported next to monsters. [a shining eye]
 16073 | Lair:6   | Gained mutation: You tend to lose your temper in combat. [a shining eye]
 16115 | Lair:6   | Mangled by a very large slime creature

Vault maps used:
D:1:      eino_arrival_water_cross, minmay_tiny_reverse_x
D:2:      minmay_wonky_spiral
D:3:      lemuel_zombie_altar_kikubaaqudgha, gammafunk_temple_overflow_claw,
          first_ration, uniq_grinder, uniq_robin
D:4:      grunt_gozag_breadcrumbs, serial_bayou_pond_d
D:6:      overflow_temple_1_default, minmay_temple_entry_nine_rooms,
          serial_shops, shop
D:7:      the_bakery, uniq_pikel
D:8:      kennysheep_kobold_camp, lemuel_coloured_pillars_altar, zaba_anthole,
          uniq_joseph, uniq_grum
D:9:      kennysheep_mini, lair_entry_dummy, uniq_gastronok, uniq_erolcha
Temple:   minmay_temple_curvy_branch
Lair:1:   columned_hall_lemuel, st_stairs_4, minmay_holes, beast_lair_carwin_6
Lair:2:   swamp_mist, minmay_snake_entry_spellcaster
Lair:3:   portal_ice_cave_entry_pillars_1, minivault_26,
          cheibrodos_lair_reptile_den, infiniplex_staircase_pool
Lair:4:   wad_woods_minihive, lab_entry_generic, bobbens_ice_dragon_lair,
          lemuel_fruit_fields, serial_bayou_shore_b, lemuel_fruit_tree
Lair:5:   grunt_megastairs_5, serial_bayou_shore_a
Lair:6:   due_jungle_book, slime_dummy, minmay_lair_oklob_chamber
IceCv:    ice_cave_tombish

Skill      XL: |  1  2  3  4  5  6  7  8  9 10 11 12 13 |
---------------+----------------------------------------+-----
Unarmed Combat | 4 5 6 7 |  7.7
Dodging        | 3 4 5 6 8 10 | 10.6
Stealth        | 2 3 4 5 |  5.1
Short Blades   | 2 5 7 9 |  9.3
Fighting       | 3 4 6 8 9 10 | 10.1
Evocations     | |  0.3

Action                   |  1- 3 |  4- 6 |  7- 9 | 10-12 | 13-15 || total
-------------------------+-------+-------+-------+-------+-------++-------
Melee: Unarmed           |   112 |    93 |    12 |     5 |       ||   222
       Punch             |       |     3 |    13 |    22 |     2 ||    40
       Rapier            |       |       |   314 |   614 |    40 ||   968
Evoke: Wand              |       |       |       |     3 |       ||     3
  Use: Scroll            |     3 |       |     4 |    13 |     2 ||    22
 Stab: Sleeping          |     5 |     1 |     5 |    11 |     1 ||    23
       Distracted        |       |       |       |     1 |       ||     1
  Eat: Chunk             |    23 |     9 |    37 |    72 |     4 ||   145
       Ration            |       |       |       |     2 |       ||     2
Armor: Robe              |    47 |    27 |   125 |   153 |    10 ||   362
Dodge: Dodged            |    56 |    29 |   180 |   517 |    18 ||   800

Table legend:
 A = Spawn XP
 B = Non-spawn XP
 C = Spawn XP percentage of total XP
 D = Spawn monster count
 E = Non-spawn monster count
 F = Spawn count percentage of total count
 G = Total turns spent on level
                    A         B        C        D         E        F      G
               +---------+---------+-------+---------+---------+-------+---------
         Total |       0 |   42490 |   0.0 |       0 |     384 |   0.0 | 16115
               +---------+---------+-------+---------+---------+-------+---------
           D:1 |       0 |      39 |   0.0 |       0 |      24 |   0.0 |   892
           D:2 |       0 |      38 |   0.0 |       0 |      17 |   0.0 |   925
           D:3 |       0 |     475 |   0.0 |       0 |      41 |   0.0 |  1065
           D:4 |       0 |     424 |   0.0 |       0 |      16 |   0.0 |   884
           D:5 |       0 |     716 |   0.0 |       0 |      20 |   0.0 |   712
           D:6 |       0 |     600 |   0.0 |       0 |      14 |   0.0 |   535
           D:7 |       0 |    2010 |   0.0 |       0 |      32 |   0.0 |  1403
           D:8 |       0 |    4653 |   0.0 |       0 |      55 |   0.0 |  1771
           D:9 |       0 |    3241 |   0.0 |       0 |       4 |   0.0 |   179
        Lair:1 |       0 |    4032 |   0.0 |       0 |      18 |   0.0 |  1224
        Lair:2 |       0 |    4906 |   0.0 |       0 |      19 |   0.0 |  1134
        Lair:3 |       0 |    4580 |   0.0 |       0 |      24 |   0.0 |   951
        Lair:4 |       0 |    4757 |   0.0 |       0 |      54 |   0.0 |  1595
        Lair:5 |       0 |    2741 |   0.0 |       0 |      15 |   0.0 |   944
        Lair:6 |       0 |    4186 |   0.0 |       0 |       8 |   0.0 |   380
       Slime:1 |       0 |     240 |   0.0 |       0 |       1 |   0.0 |    12
         IceCv |       0 |    4852 |   0.0 |       0 |      22 |   0.0 |  1280
               +---------+---------+-------+---------+---------+-------+---------
